 Dungeon Crawl Stone Soup version 0.26-a0-980-g0fe3eaa9ac (webtiles) character file.

Game seed: 11820595978969790904

310 Sun the Twirler (level 6, 0/47 HPs)
             Began as a Human Gladiator on Dec 5, 2020.
             Succumbed to a scorpion's poison
             ... on level 4 of the Dungeon.
             The game lasted 00:04:24 (3594 turns).

Sun the Twirler (Human Gladiator)                   Turns: 3594, Time: 00:04:25

Health: 0/47       AC:  6    Str: 16    XL:     6   Next: 70%
Magic:  6/6        EV: 12    Int:  8    God:
Gold:   182        SH:  0    Dex: 15    Spells: 5/5 levels left

rFire    . . .     SeeInvis .   a - +0 quarterstaff
rCold    . . .     Faith    .   (shield currently unavailable)
rNeg     . . .     Spirit   .   j - +0 ring mail
rPois    .         Reflect  .   c - +0 helmet
rElec    .         Harm     .   (no cloak)
rCorr    .         Rampage  .   (no gloves)
MR       .....                  (no boots)
Stlth    +.........             (no amulet)
HPRegen  0.15/turn              (no ring)
MPRegen  0.10/turn              (no ring)

@: lethally poisoned (0 -> -33), hasted, lightly drained, very quick
A: no striking features
a: no special abilities


You were on level 4 of the Dungeon.
You visited 1 branch of the dungeon, and saw 4 of its levels.

You collected 182 gold pieces.

Inventory:

Hand Weapons
 a - a +0 quarterstaff (weapon)
Missiles
 d - 3 throwing nets (quivered)
 r - 3 silver javelins
Armour
 c - a +0 helmet (worn)
 j - a +0 ring mail (worn)
Wands
 o - a wand of flame (13)
Scrolls
 b - 5 scrolls of identify {unknown}
 h - 2 scrolls of immolation {unknown}
 k - a scroll of fear {unknown}
 l - 2 scrolls of amnesia {unknown}
 m - 3 scrolls of teleportation {unknown}
 n - 2 scrolls of enchant weapon {unknown}
 q - a scroll of blinking {unknown}
 u - a scroll of random uselessness {unknown}
Potions
 e - a potion of heal wounds {unknown}
 f - 3 potions of resistance
 g - a potion of ambrosia {unknown}
 i - a potion of degeneration {unknown}
 p - a potion of haste
 s - a potion of berserk rage {unknown}
 v - a potion of lignification {unknown}


   Skills:
 + Level 3.3(3.0) Fighting
 * Level 4.9(4.6) Staves
 + Level 3.4(3.0) Throwing
 + Level 4.0(3.7) Dodging


You had 5 spell levels left.
You didn't know any spells.
Your spell library contained the following spells:

 Spells                   Type           Power        Failure   Level
 Beastly Appendage        Tmut           #.....       63%         1
 Wereblood                Tmut           #.......     77%         2
 Spider Form              Tmut/Pois      #.........   94%         3
 Ice Form                 Ice/Tmut       #.......     100%        4
 Blade Hands              Tmut           #.........   100%        5


Dungeon Overview and Level Annotations

Branches:
Dungeon (4/15)             Temple (0/1) D:4

Altars:
Trog
Vehumet


Message History

You don't have any such object.
Evoke which item? (* to show all) (? for menu, Esc to quit)
Huh?
Evoke which item? (* to show all) (? for menu, Esc to quit)
Okay, then.
Evoke which item? (* to show all) (? for menu, Esc to quit)
Okay, then.
It was a potion of haste.
You feel yourself speed up.
* * * LOW HITPOINT WARNING * * *
You feel sick. The scorpion stings you.
* * * LOW HITPOINT WARNING * * *
You are more poisoned.
The scorpion poisons you!
Okay, then.
* * * LOW HITPOINT WARNING * * *
You feel sick.
* * * LOW HITPOINT WARNING * * *
You feel sick.
You see here 14 stones.
You die...

####### .... #.....#
....... #.....### .......
+....... ....+ .......
#.....# .(...# ...P)P.
#.....# #.....# ..♣≈≈≈.#
#.?...# #.....#
..≈.≈≈≈P###.....#####.....#
..≈≈P≈≈#s†s.(@..#.........#
♣≈≈≈...###.............#
..≈≈≈≈≈..# #.............#
.≈.≈≈.≈.## #.............#
P.≈≈≈≈.(# ###+##........#
♣≈≈≈≈≈≈♣# #........#
.≈..≈≈≈ #........# .P.≈PP.
#........# ...P♣..
#........#


You could see 2 scorpions.

Vanquished Creatures
  A hound (D:2)
  Natasha (thrice) (D:3)
  Terence (D:2)
  3 worker ants (D:4)
  4 adders
  A worm (D:2)
  2 dart slugs
  A leopard gecko (D:1)
  4 orcs
  6 bats
  3 giant cockroaches
  9 goblins
  7 hobgoblins
  2 jackals (D:1)
  A ball python (D:1)
  3 frilled lizards
  6 kobolds
  A quokka skeleton (D:4)
  7 rats
65 creatures vanquished.

Notes
Turn   | Place    | Note
-------+----------+-------------------------------------------
     0 | D:1      | Sun the Human Gladiator began the quest for the Orb.
     0 | D:1      | Reached XP level 1. HP: 16/16 MP: 1/1
   300 | D:1      | Reached XP level 2. HP: 15/22 MP: 2/2
   630 | D:1      | Reached XP level 3. HP: 10/27 MP: 3/3
  1323 | D:2      | Found a radiant altar of Vehumet.
  1445 | D:2      | Reached XP level 4. HP: 26/34 MP: 4/4
  1790 | D:2      | Reached XP level 5. HP: 32/39 MP: 5/5
  1984 | D:2      | Noticed Terence
  1992 | D:2      | Killed Terence
  2604 | D:3      | Found a bloodstained altar of Trog.
  2679 | D:3      | Noticed Natasha
  2687 | D:3      | Killed Natasha
  2778 | D:3      | Noticed Natasha
  2808 | D:3      | Killed Natasha
  2809 | D:3      | Reached XP level 6. HP: 24/47 MP: 6/6
  2918 | D:3      | Noticed Natasha
  2931 | D:3      | Killed Natasha
  3510 | D:4      | Found a staircase to the Ecumenical Temple.
  3593 | D:4      | HP: 2/47 [poisoned by a scorpion]
  3594 | D:4      | Succumbed to a scorpion's poison

Illustrated notes

Levels and vault maps discovered:
D:1:      dpeg_arrival_pits, layout_loops_corners
D:2:      layout_loops_ring, vehumet_crystals, uniq_terence
D:3:      layout_rooms, general_overflow_altar, minmay_tree_intersection,
          uniq_natasha
D:4:      layout_basic, temple_fountains, enter_ossuary_2, serial_bayou,
          serial_bayou_pond_b, serial_bayou_pond_d, serial_bayou_ford_a,
          serial_bayou_pond_d

Skill      XL: |  1  2  3  4  5  6 |
---------------+-------------------+-----
Staves         | 4 |  4.9
Fighting       | 3 |  3.3
Throwing       | 3 |  3.4
Dodging        | 4 |  4.0

Action                   |  1- 3 |  4- 6 || total
-------------------------+-------+-------++-------
Melee: Quarterstaff      |    95 |   115 ||   210
Throw: Javelin           |       |     3 ||     3
       Throwing net      |       |     2 ||     2
Evoke: Wand              |       |     6 ||     6
  Use: Potion            |       |     1 ||     1
 Stab: Sleeping          |     2 |       ||     2
       Confused          |       |     1 ||     1
Armor: Leather armour    |    21 |       ||    21
       Ring mail         |     8 |    35 ||    43
Dodge: Dodged            |    58 |    79 ||   137

Table legend: (Time is in decaauts)
 A = Elapsed time spent in this place.
 B = Non-inter-level travel time spent in this place.
 C = Inter-level travel time spent in this place.
 D = Time resting spent in this place.
 E = Time spent auto-exploring this place.
 F = Levels seen in this place.
 G = Mean time per level.
                   A        B        C        D        E       F      G
               +--------+--------+--------+--------+--------+-----+--------+
         Total |   3621 |   3542 |     79 |    203 |   2821 |   4 |  905.2 |
       Dungeon |   3621 |   3542 |     79 |    203 |   2821 |   4 |  905.2 |
               +--------+--------+--------+--------+--------+-----+--------+

Top non-repeatable levels by time:
     D:1: 1316 daAuts
     D:2: 1046 daAuts
     D:3: 967 daAuts
     D:4: 291 daAuts
